 Dungeon Crawl Stone Soup version 0.29.0-4-gdea44cf6ec (webtiles) character file.

Game seed: 10692091374747758641

30 qw the Chopper (level 3, -26/21 HPs)
             Began as a Tengu Warper on Aug 28, 2022.
             Killed by an exploding butterfly (27 damage)
             ... ignited by their inner flame
             ... on level 1 of the Dungeon.
             The game lasted 00:00:05 (1025 turns).

qw the Chopper (Tengu Warper)                       Turns: 1025, Time: 00:00:06

Health: -26/21     AC:  5    Str: 13    XL:     3   Next: 20%
Magic:  7/7        EV: 11    Int: 13    God:
Gold:   72         SH:  0    Dex: 13    Spells: 6/6 levels left

rFire   . . .      SeeInvis .   Y - +0 hand axe
rCold   . . .      Faith    .   (no shield)
rNeg    . . .      Spirit   .   k - +0 ring mail
rPois   .          Reflect  .   (helmet restricted)
rElec   .          Harm     .   (no cloak)
rCorr   .          Rampage  .   (no gloves)
Will    .....                   (boots unavailable)
Stlth   +.........              (no amulet)
HPRegen 0.07/turn               (no ring)
MPRegen 0.10/turn               (no ring)

@: no status effects
A: beak, talons 3
a: no special abilities


You were on level 1 of the Dungeon.
You visited 1 branch of the dungeon, and saw 1 of its levels.

You collected 72 gold pieces.


Innate Abilities, Weirdness & Mutations

You have a beak for a mouth.
You have claws for feet.


   Skills:
 - Level 2.0 Fighting
 + Level 3.9 Axes
 - Level 1.0 Throwing
 - Level 1.1 Armour
 - Level 2.1 Dodging
 - Level 2.0 Spellcasting
 - Level 2.4 Translocations


You had 6 spell levels left.
You didn't know any spells.
Your spell library contained the following spells:

 Spells                   Type           Power      Damage    Failure   Level
 Blink                    Tloc           14%        N/A       30%         2
 Gell's Gravitas          Tloc           7%         N/A       52%         3
 Lesser Beckoning         Tloc           7%         N/A       52%         3
 Teleport Other           Tloc           7%         N/A       52%         3
 Manifold Assault         Tloc           7%         N/A       99%         5

Inventory:

Hand Weapons
 m - a +1 vampiric whip
 Y - a +0 hand axe (weapon)
Armour
 k - a +0 ring mail (worn)
Scrolls
 c - a scroll of blinking
 i - a scroll of identify
 j - a scroll of immolation
Potions
 d - 3 potions of curing {unknown}
 h - a potion of berserk rage {unknown}

Dungeon Overview and Level Annotations

Branches:
Dungeon (1/15)

Altars:


Message History

The creatures around you are filled with an inner flame!
It was a scroll of immolation.
Done exploring.
1025 ||| READING scroll labelled PIOPNA GEDYTHRI.
The air fills with toxic fumes!
As you read the scroll labelled PIOPNA GEDYTHRI, it crumbles to dust.
It was a scroll of poison.
Your butterfly is engulfed in poison gas.
Your butterfly is poisoned.
Your butterfly disappears in a burst of colours!
Your butterfly explodes!
The fiery explosion engulfs your butterfly!
Your butterfly disappears in a burst of colours!
Your butterfly explodes!
Your butterfly is poisoned.
Your butterfly is engulfed in poison gas.
Your butterfly is poisoned.
Your butterfly disappears in a burst of colours!
Your butterfly explodes!
Your butterfly is engulfed in poison gas.
Your butterfly is poisoned.
Your butterfly disappears in a burst of colours!
Your butterfly explodes!
The fiery explosion engulfs your butterfly!!
Your butterfly disappears in a burst of colours!
The fiery explosion engulfs your butterfly!
Your butterfly disappears in a burst of colours!
The fiery explosion engulfs your butterfly!!
Your butterfly disappears in a burst of colours!
Your butterfly explodes!
The fiery explosion engulfs your butterfly!!
Your butterfly disappears in a burst of colours!
The fiery explosion engulfs you!!
Ouch! That really hurt!
Your butterfly explodes!
The fiery explosion engulfs your butterfly!!
Your butterfly disappears in a burst of colours!
The fiery explosion engulfs you!!
Ouch! That really hurt!
You die...

#.#........##...##.##.##.#.
#.#.#¤¤¤¤¤¤¤##..###......#.
#.#.#.¤#¤¤¤¤¤#..# ##..#..#.
#......¤¤¤¤8¤#..# #.......
###.#..#¤¤¤¤.#..# ##..#..##
#.#...¤¤¤¤##..###......#
#.#.###¤¤##...##.##.##.##
#.#¤###bb#....#.###.##...
#.#¤¤¤.¤@+..<.'.# #.####.
#.##¤¤¤¤¤#....### #.# #.
#.##¤##¤¤##...# #.# #.
#.##.##¤¤¤##..#####.# #.
#.##.##¤¤¤.#..#.....# #.
#.##)##¤¤8¤#..#..#### #.
#.##.##¤¤¤¤#..#..#######.
#.##.##¤¤¤##..#..........
#.##.##..##...#.#########


There were no monsters in sight!

Vanquished Creatures
  3 dart slugs (D:1)
  4 bats (D:1)
  2 endoplasms (D:1)
  A giant cockroach (D:1)
  4 goblins (D:1)
  2 hobgoblins (D:1)
  4 kobolds (D:1)
  4 rats (D:1)
24 creatures vanquished.

Notes
Turn   | Place    | Note
-------+----------+-------------------------------------------
     0 | D:1      | qw the Tengu Warper began the quest for the Orb.
     0 | D:1      | Reached XP level 1. HP: 12/12 MP: 4/4
     0 | D:1      | 0 ||| qw: Version: 0.1-a-89-g26bdef1
     0 | D:1      | 0 ||| qw: Game counter: 2011
     0 | D:1      | 0 ||| qw: Always use a shield: true
     0 | D:1      | 0 ||| qw: God list: Okawaru
     0 | D:1      | 0 ||| qw: Allow faded altars: false
     0 | D:1      | 0 ||| qw: Do Orc after D:15 true
     0 | D:1      | 0 ||| qw: Do second Lair branch before Depths: true
     0 | D:1      | 0 ||| qw: Lair rune preference: random
     0 | D:1      | 0 ||| qw: Plans: Normal
     0 | D:1      | 0 ||| PLANNING D:1-11
    62 | D:1      | Found a faded altar of an unknown god.
   333 | D:1      | Reached XP level 2. HP: 17/17 MP: 6/6
   340 | D:1      | Reached skill level 3 in Axes
   400 | D:1      | 400 ||| Stepping ~*~*~tactically~*~*~ (stealth).
   404 | D:1      | 404 ||| Stepping ~*~*~tactically~*~*~ (stealth).
   501 | D:1      | 501 ||| Stepping ~*~*~tactically~*~*~ (stealth).
   507 | D:1      | 507 ||| Stepping ~*~*~tactically~*~*~ (stealth).
   520 | D:1      | Reached XP level 3. HP: 21/21 MP: 7/7
   526 | D:1      | 526 ||| Stepping ~*~*~tactically~*~*~ (stealth).
   527 | D:1      | 527 ||| Stepping ~*~*~tactically~*~*~ (stealth).
   756 | D:1      | 756 ||| DROPPING +0 club.
  1007 | D:1      | 1007 ||| UPGRADING to +0 ring mail.
  1017 | D:1      | 1017 ||| DROPPING +0 leather armour.
  1018 | D:1      | 1018 ||| READING scroll labelled OVUC SA OQOAF.
  1021 | D:1      | 1021 ||| READING scroll labelled ITAX FE WEETU.
  1022 | D:1      | 1022 ||| READING scroll labelled ALUACW SIRIAZ.
  1023 | D:1      | 1023 ||| READING 2 scrolls labelled EPLOLANWIV.
  1024 | D:1      | 1024 ||| READING 2 scrolls labelled INAIMA MOEKHLODD.
  1025 | D:1      | 1025 ||| READING scroll labelled PIOPNA GEDYTHRI.
  1025 | D:1      | HP: 1/21 [spore (20)]
  1025 | D:1      | Killed by an exploding butterfly... ignited by their inner
                  | flame

Levels and vault maps discovered:
D:1:      giann_horns, layout_loops_ring, ebering_ecumenical_altar_hall,
          minmay_hexomino_c4

Skill      XL: |  1  2 |
---------------+-------+-----
Axes           | 3 |  3.9
Fighting       | |  2.0
Throwing       | |  1.0
Armour         | |  1.1
Dodging        | |  2.1
Spellcasting   | |  2.0
Translocations | |  2.4

Action                   || total
-------------------------++-------
Melee: Hand axe          ||    48
       Kick              ||    10
       Peck              ||     5
Throw: Boomerang         ||     7
  Use: Scroll            ||     6
Armor: Leather armour    ||    12
Dodge: Dodged            ||    20

Table legend:
 A = Non-vault XP
 B = Vault XP
 C = Vault XP percentage of total XP
 D = Non-vault monster count
 E = Vault monster count
 F = Vault count percentage of total count
                 A         B        C        D         E       F
            +---------+---------+-------+---------+---------+-------
      Total |      27 |      17 |  38.6 |      14 |      10 |  41.7
            +---------+---------+-------+---------+---------+-------
        D:1 |      27 |      17 |  38.6 |      14 |      10 |  41.7
            +---------+---------+-------+---------+---------+-------
